 Dungeon Crawl Stone Soup version 0.16-a0-3719-g3c2c23d (webtiles) character file.

177 oshikia the Insei (level 5, -1/41 HPs)
             Began as a Demonspawn Monk on Jan 21, 2015.
             Slain by a wight
             ... wielding a cursed +1 great sword
              (5 damage)
             ... on level 2 of the Dungeon.
             The game lasted 00:11:50 (3962 turns).

oshikia the Insei (Demonspawn Monk)                 Turns: 3962, Time: 00:11:50

Health: -1/41      AC:  7    Str: 11    XL:     5   Next: 30%
Magic:  5/5        EV: 12    Int: 12    God:
Gold:   133        SH:  2    Dex: 21    Spells: 0 memorised, 4 levels left

rFire  + + .     SeeInvis .       - Unarmed
rCold  + . .     Clarity  .     j - +2 leather armour {rF+}
rNeg   . . .     SustAb   .     (no shield)
rPois  .         Gourm    .     (no helmet)
rElec  .         Spirit   .     (no cloak)
rCorr  .         Warding  .     (no gloves)
rMut   .         Stasis   .     (no boots)
MR     .....                    (no amulet)
Stlth  ++........               d - ring of protection from fire
                                c - +5 ring of dexterity (curse)

@: drained, not resistant to hostile enchantments, unstealthy
A: large bone plates 1, cold resistance 1
a: no special abilities


You were on level 2 of the Dungeon.
You were very hungry.

You visited 1 branch of the dungeon, and saw 3 of its levels.

You collected 133 gold pieces.

Inventory:

Hand weapons
 u - a +4 shortbow
Armour
 a - a +0 robe
 j - a +2 leather armour of fire resistance (worn)
Jewellery
 c - a cursed +5 ring of dexterity (left hand)
 d - a ring of protection from fire (right hand)
 e - an uncursed ring of sustain abilities
 l - an uncursed ring of protection from magic
Scrolls
 g - a scroll of fear {unknown}
 m - a scroll of recharging {unknown}
 n - a scroll of amnesia {unknown}
 o - 2 scrolls of teleportation {unknown}
 p - a scroll of immolation {unknown}
 q - a scroll of random uselessness {unknown}
 v - 2 scrolls of identify {unknown}
 w - a scroll of enchant weapon {unknown}
Potions
 f - 2 potions of magic
Comestibles
 b - a bread ration
 i - 2 meat rations
 k - 2 slices of pizza
 r - a beef jerky
 s - a royal jelly


   Skills:
 + Level 3.3(2.7) Fighting
 + Level 1.0(0.4) Armour
 + Level 2.7(2.1) Dodging
 - Level 1.7(1.1) Stealth
 * Level 5.7(5.0) Unarmed Combat


You had 4 spell levels left.
You didn't know any spells.

Dungeon Overview and Level Annotations

Branches:
Dungeon (3/15)

Altars:
Kikubaaqudgha

Annotations:
D:3 gressup's ghost, average MiGl


Innate Abilities, Weirdness & Mutations

You are partially covered in large bone plates (AC +2, SH +2).
Your flesh is cold resistant.


Message History

The wight hits you with an enchanted great sword.
* * * LOW HITPOINT WARNING * * *
You barely miss the wight.
The wight is severely damaged.
You closely miss the wight.
The wight is severely damaged.
The wight hits you with an enchanted great sword.
* * * LOW HITPOINT WARNING * * *
You hit the wight but do no damage.
The wight is severely damaged.
You block the wight's attack.
You hit the wight but do no damage.
The wight is severely damaged.
You barely miss the wight.
The wight is severely damaged.
The wight misses you.
You hit the wight but do no damage.
The wight is severely damaged.
The wight hits you with an enchanted great sword.
You die...

#.#.....# ################
#.#.###.# #.............##
#.#.###.# #.##.....)......
#######.#...#.## #.##.########.##
...............# #.##.#........#
.####..........# #.##.#.#####..#
.# #..........###.##.#.#...#..#
.# #..........#.#.##.#.#.#.#..##
.# #..........#@#.##.#.....#....
.# #####.....##z#......#.####.##
.# #.....'...............†.. .#
#.....##.####.#.########. .#
#....###.####.#.......... .#
#....# #........########.
.########....# ######........# #.
.............# ###########.# #.
.#.#####.....#####...........###.


You could see a wight.

Vanquished Creatures
  A wight (D:2)
  6 adders
  2 worms (D:2)
  2 giant mites
  2 giant geckos (D:1)
  An ooze (D:2)
  An orc (D:3)
  A ball python (D:3)
  4 giant cockroaches
  8 hobgoblins
  2 jackals (D:3)
  6 bats
  6 giant newts
  7 goblins
  8 kobolds
  4 rats
  4 toadstools (D:1)
65 creatures vanquished.

Vanquished Creatures (others)
  3 toadstools (D:1)
3 creatures vanquished.

Grand Total: 68 creatures vanquished

Notes
Turn   | Place    | Note
--------------------------------------------------------------
     0 | D:1      | oshikia, the Demonspawn Monk, began the quest for the Orb.
     0 | D:1      | Reached XP level 1. HP: 18/18 MP: 1/1
    97 | D:1      | Reached skill level 4 in Unarmed Combat
    97 | D:1      | Gained mutation: Your flesh is cold resistant. [demonic ancestry]
    97 | D:1      | Reached XP level 2. HP: 20/24 MP: 2/2
   776 | D:2      | Reached XP level 3. HP: 26/29 MP: 3/3
  1306 | D:2      | Reached skill level 5 in Unarmed Combat
  1323 | D:2      | Found an ancient bone altar of Kikubaaqudgha.
  1323 | D:2      | Noticed a human
  1509 | D:2      | Reached XP level 4. HP: 32/35 MP: 4/4
  2173 | D:3      | Noticed gressup's ghost (average MiGl)
  2739 | D:2      | Gained mutation: You are partially covered in large bone plates (AC +2, SH +2). [demonic ancestry]
  2739 | D:2      | Reached XP level 5. HP: 5/41 MP: 5/5
  3936 | D:3      | Reached skill level 1 in Armour
  3962 | D:2      | Slain by a wight

Action                   |  1- 3 |  4- 6 || total
-------------------------+-------+-------++-------
Melee: Unarmed           |   139 |   129 ||   268
  Use: Potion            |       |     7 ||     7
 Stab: Sleeping          |     6 |     2 ||     8
       Distracted        |     1 |       ||     1
  Eat: Chunk             |     2 |     2 ||     4
       Bread ration      |       |     1 ||     1
